TOP OF THE 1ST |
Great Falls Voyagers batting - Pitching for Ogden Raptors : LHP Russ Focht
|
Pitching: LHP Russ Focht
|
|
Batting: RHB Adam Dixon
|
0-0: Called Strike 0-1: Foul Ball, location: 5F 0-2: Ball 1-2: SINGLE (Line Drive, 5D, EV 102.5 MPH)
|
Batting: SHB Brian Corey
|
0-0: Called Strike 0-1: Foul Ball, location: 9LMF 0-2: Ball 1-2: Ball 2-2: Foul Ball, location: 3FF 2-2: SINGLE (Line Drive, 6MD, EV 95.0 MPH) Adam Dixon to second
|
Batting: RHB Angel Baltazar
|
0-0: Ball 1-0: Swinging Strike 1-1: Ball 2-1: DOUBLE (Line Drive, 89M, EV 110.6 MPH) Adam Dixon scores Brian Corey to third
|
Batting: RHB Nick Selfridge
|
0-0: Called Strike 0-1: Fly out, F4 (Popup, 4M, EV 78.1 MPH)
|
Batting: RHB Eric Nestor
|
0-0: Foul Ball, location: 2F 0-1: Swinging Strike 0-2: Ball 1-2: DOUBLE (Line Drive, 89M, EV 110.0 MPH) Brian Corey scores Angel Baltazar scores
|
Batting: SHB Willie Esquivel
|
0-0: Called Strike 0-1: SINGLE (Line Drive, 4MD, EV 94.4 MPH) Eric Nestor to third
|
Batting: RHB Ben DePue
|
0-0: Ball 1-0: Ball 2-0: Called Strike 2-1: Called Strike 2-2: SINGLE (Line Drive, 4MD, EV 98.8 MPH) Eric Nestor scores Willie Esquivel to second
|
Batting: RHB Austin Power
|
0-0: 3-RUN HOME RUN (Flyball, 9LD, EV 94.4 MPH), Distance : 349 ft
|
Pitching: RHP Oliver Moreno
|
|
Batting: SHB Francisco Puig
|
0-0: Ball 1-0: Ball 2-0: Ball 3-0: Called Strike 3-1: Foul Ball, location: 23F 3-2: Strikes out looking
|
Batting: RHB Adam Dixon
|
0-0: Called Strike 0-1: Foul Ball, location: 2F 0-2: Foul Ball, location: 5SF 0-2: Fly out, F9 (Flyball, 9, EV 90.0 MPH)
|
Top of the 1st over - 7 runs, 7 hits, 0 errors, 0 left on base; Great Falls 7 - Ogden 0 |
BOTTOM OF THE 1ST |
Ogden Raptors batting - Pitching for Great Falls Voyagers : RHP Mario Magana
|
Pitching: RHP Mario Magana
|
|
Batting: RHB Nick Griffin
|
0-0: Ball 1-0: Ball 2-0: Ground out 6-3 (Groundball, 6, EV 100.0 MPH)
|
Batting: LHB Josh Guess
|
0-0: Called Strike 0-1: Foul Ball, location: 23F 0-2: Foul Ball, location: 2F 0-2: SINGLE (Groundball, 34D, EV 96.9 MPH)
|
Batting: RHB Dave Mora
|
0-0: Called Strike 0-1: DOUBLE (Line Drive, 7LM, EV 104.4 MPH) Josh Guess to third
|
Batting: RHB Jose Cuadrado
|
0-0: Ball 1-0: Foul Ball, location: 5DF 1-1: Ball 2-1: Foul Ball, location: 3DF 2-2: Ball 3-2: Ground out 6-3 (Groundball, 6, EV 105.0 MPH)
|
Batting: SHB Jaylin Hampshire
|
0-0: Ball 1-0: Ball 2-0: Called Strike 2-1: Ball 3-1: Swinging Strike 3-2: Base on Balls
|
Batting: RHB Carlos Cortez
|
0-0: Called Strike 0-1: Ball 1-1: Called Strike 1-2: Strikes out looking
|
Bottom of the 1st over - 0 runs, 2 hits, 0 errors, 3 left on base; Great Falls 7 - Ogden 0 |
TOP OF THE 2ND |
Great Falls Voyagers batting - Pitching for Ogden Raptors : RHP Oliver Moreno
|
Batting: SHB Brian Corey
|
0-0: Ball 1-0: Swinging Strike 1-1: Ball 2-1: Called Strike 2-2: Ground out U3 (Groundball, 34, EV 108.8 MPH)
|
Batting: RHB Angel Baltazar
|
0-0: Ball 1-0: Ball 2-0: DOUBLE (Line Drive, 7LS, EV 85.0 MPH)
|
Batting: RHB Nick Selfridge
|
0-0: Ball 1-0: Ball 2-0: Ball 3-0: Base on Balls
|
Batting: RHB Eric Nestor
|
0-0: Ball 1-0: Foul Ball, location: 3FF 1-1: Foul Ball, location: 25FF 1-2: Ball 2-2: DOUBLE (Line Drive, 89D, EV 107.5 MPH) Angel Baltazar scores Nick Selfridge to third Runner from 3rd tries for Home, SAFE, throw by CF to trailing runner, SAFE at third!
|
Batting: SHB Willie Esquivel
|
0-0: Ball 1-0: Swinging Strike 1-1: Ball 2-1: Foul Ball, location: 7LSF 2-2: Ball 3-2: Base on Balls
|
Batting: RHB Ben DePue
|
0-0: Grounds into double play, 4-6-3 (Groundball, 4D, EV 106.3 MPH)
|
Top of the 2nd over - 2 runs, 2 hits, 0 errors, 1 left on base; Great Falls 9 - Ogden 0 |
BOTTOM OF THE 2ND |
Ogden Raptors batting - Pitching for Great Falls Voyagers : RHP Mario Magana
|
Batting: RHB Kevin Pirro
|
0-0: Ball 1-0: Called Strike 1-1: Foul Ball, location: 9LSF 1-2: Ball 2-2: Ball 3-2: Strikes out looking
|
Batting: RHB Alex Diaz
|
0-0: Swinging Strike 0-1: Ball 1-1: Ball 2-1: DOUBLE (Line Drive, 89XD, EV 100.6 MPH)
|
Batting: RHB Eric Weter
|
0-0: Ball Alex Diaz steals 3rd base 1-0: Foul Ball, location: 2F 1-1: Ground out 5-3 (Groundball, 56, EV 103.8 MPH) Alex Diaz scores
|
Batting: RHB Nick Griffin
|
0-0: Called Strike 0-1: Ball 1-1: SINGLE (Line Drive, 9S, EV 110.0 MPH)
|
Batting: LHB Josh Guess
|
0-0: Ball Nick Griffin steals 2nd base 1-0: Ball 2-0: Ball 3-0: Base on Balls
|
Batting: RHB Dave Mora
|
0-0: Ball 1-0: Ball 2-0: DOUBLE (Flyball, 89D, EV 98.1 MPH) Nick Griffin scores Josh Guess to third
|
Batting: RHB Jose Cuadrado
|
0-0: Called Strike 0-1: Ball 1-1: Called Strike 1-2: Ball 2-2: Ground out 6-3 (Groundball, 6, EV 84.4 MPH)
|
Bottom of the 2nd over - 2 runs, 3 hits, 0 errors, 2 left on base; Great Falls 9 - Ogden 2 |
TOP OF THE 3RD |
Great Falls Voyagers batting - Pitching for Ogden Raptors : RHP Oliver Moreno
|
Batting: RHB Austin Power
|
0-0: Foul Ball, location: 2LF 0-1: Ball 1-1: DOUBLE (Flyball, 89D, EV 98.1 MPH)
|
Batting: SHB Francisco Puig
|
0-0: Ball 1-0: Fly out, F5 (Popup, 56, EV 75.0 MPH)
|
Batting: RHB Adam Dixon
|
0-0: Swinging Strike 0-1: Ball 1-1: Foul Ball, location: 2F 1-2: Ball 2-2: Ball 3-2: Base on Balls
|
Batting: SHB Brian Corey
|
0-0: Called Strike 0-1: Ball 1-1: Grounds into double play, 4-6-3 (Groundball, 4, EV 84.4 MPH)
|
Top of the 3rd over - 0 runs, 1 hit, 0 errors, 1 left on base; Great Falls 9 - Ogden 2 |
BOTTOM OF THE 3RD |
Ogden Raptors batting - Pitching for Great Falls Voyagers : RHP Mario Magana
|
Batting: SHB Jaylin Hampshire
|
0-0: Ball 1-0: Ball 2-0: Called Strike 2-1: Ball 3-1: Base on Balls
|
Batting: RHB Carlos Cortez
|
0-0: Called Strike 0-1: Called Strike 0-2: Ball 1-2: Foul Ball, location: 3SF 1-2: Strikes out looking
|
Batting: RHB Kevin Pirro
|
0-0: Fly out, F7 (Line Drive, 7S, EV 94.4 MPH)
|
Batting: RHB Alex Diaz
|
0-0: Ball 1-0: Ball 2-0: Swinging Strike 2-1: Foul Ball, location: 23F 2-2: Ball 3-2: Foul Ball, location: 5F 3-2: Base on Balls Jaylin Hampshire to second
|
Batting: RHB Eric Weter
|
0-0: Fly out, F7 (Line Drive, 7, EV 94.4 MPH)
|
Bottom of the 3rd over - 0 runs, 0 hits, 0 errors, 2 left on base; Great Falls 9 - Ogden 2 |
TOP OF THE 4TH |
Great Falls Voyagers batting - Pitching for Ogden Raptors : RHP Oliver Moreno
|
Batting: RHB Angel Baltazar
|
0-0: Called Strike 0-1: Called Strike 0-2: Ball 1-2: DOUBLE (Line Drive, 7LM, EV 107.5 MPH)
|
Pitching: LHP Jose Cruz
|
|
Batting: RHB Nick Selfridge
|
0-0: Ball 1-0: Fly out, F8 (Flyball, 89M, EV 96.3 MPH)
|
Batting: RHB Eric Nestor
|
0-0: DOUBLE (Flyball, 8RXD, EV 105.0 MPH) Angel Baltazar scores
|
Batting: SHB Willie Esquivel
|
0-0: Called Strike 0-1: Ball 1-1: Ball 2-1: DOUBLE (Line Drive, 89D, EV 108.8 MPH) Eric Nestor scores
|
Batting: RHB Ben DePue
|
0-0: Ball 1-0: Swinging Strike 1-1: Foul Ball, location: 3SF 1-2: Strikes out swinging
|
Batting: RHB Austin Power
|
0-0: Ball 1-0: Foul Ball, location: 9LDF 1-1: Fly out, F9 (Flyball, 89S, EV 93.8 MPH)
|
Top of the 4th over - 2 runs, 3 hits, 0 errors, 1 left on base; Great Falls 11 - Ogden 2 |
BOTTOM OF THE 4TH |
Ogden Raptors batting - Pitching for Great Falls Voyagers : RHP Mario Magana
|
Batting: RHB Nick Griffin
|
0-0: Called Strike 0-1: Swinging Strike 0-2: Ball 1-2: Strikes out swinging wild pitch, reaches first!
|
Batting: LHB Josh Guess
|
0-0: Ball Nick Griffin steals 2nd base (no throw) 1-0: Swinging Strike 1-1: TRIPLE (Line Drive, 8LXD, EV 95.6 MPH) Nick Griffin scores
|
Pitching: RHP Dan Lulek
|
|
Batting: RHB Dave Mora
|
0-0: Ball 1-0: Ball 2-0: Ball 3-0: Base on Balls
|
Batting: RHB Jose Cuadrado
|
0-0: Swinging Strike 0-1: Grounds into double play, 6-4-3 (Groundball, 56, EV 85.0 MPH) Josh Guess scores
|
Batting: SHB Jaylin Hampshire
|
0-0: Fly out, F6 (Popup, 6S, EV 82.5 MPH)
|
Bottom of the 4th over - 2 runs, 1 hit, 0 errors, 0 left on base; Great Falls 11 - Ogden 4 |
TOP OF THE 5TH |
Great Falls Voyagers batting - Pitching for Ogden Raptors : LHP Jose Cruz
|
Batting: SHB Francisco Puig
|
0-0: Called Strike 0-1: Fly out, F8 (Line Drive, 8RXD, EV 100.0 MPH)
|
Batting: RHB Adam Dixon
|
0-0: Swinging Strike 0-1: Fly out, F2 (Popup, 23F, EV 80.6 MPH)
|
Batting: SHB Brian Corey
|
0-0: Called Strike 0-1: Foul Ball, location: 7LMF 0-2: Ball 1-2: Foul Ball, location: 2F 1-2: Ground out 4-3 (Groundball, 4, EV 85.6 MPH)
|
Top of the 5th over - 0 runs, 0 hits, 0 errors, 0 left on base; Great Falls 11 - Ogden 4 |
BOTTOM OF THE 5TH |
Ogden Raptors batting - Pitching for Great Falls Voyagers : RHP Dan Lulek
|
Batting: RHB Carlos Cortez
|
0-0: Ball 1-0: SINGLE (Groundball, 4MD, EV 95.0 MPH)
|
Batting: RHB Kevin Pirro
|
0-0: Ball 1-0: DOUBLE (Flyball, 89D, EV 91.9 MPH) Carlos Cortez to third
|
Batting: RHB Alex Diaz
|
0-0: Swinging Strike 0-1: Foul Ball, location: 9LDF 0-2: Strikes out looking
|
Batting: RHB Eric Weter
|
0-0: Ball 1-0: Fly out, F6 (Line Drive, 6, EV 75.6 MPH)
|
Batting: RHB Nick Griffin
|
0-0: Called Strike 0-1: Ground out 6-3 (Groundball, 6, EV 84.4 MPH)
|
Bottom of the 5th over - 0 runs, 2 hits, 0 errors, 2 left on base; Great Falls 11 - Ogden 4 |
TOP OF THE 6TH |
Great Falls Voyagers batting - Pitching for Ogden Raptors : LHP Jose Cruz
|
Pitching: RHP Chris Joyner
|
|
Batting: RHB Angel Baltazar
|
0-0: Ball 1-0: Ground out 6-3 (Groundball, 6, EV 88.8 MPH)
|
Batting: RHB Nick Selfridge
|
0-0: Called Strike 0-1: Swinging Strike 0-2: Ball 1-2: Ball 2-2: Foul Ball, location: 7LMFF 2-2: DOUBLE (Line Drive, 9LM, EV 95.0 MPH)
|
Batting: RHB Eric Nestor
|
0-0: Ground out 1-3 (Groundball, 15S, EV 69.4 MPH)
|
Batting: SHB Willie Esquivel
|
0-0: Swinging Strike 0-1: Ball 1-1: Ball 2-1: Foul Ball, location: 7LSF 2-2: Fly out, F9 (Flyball, 89S, EV 84.4 MPH)
|
Top of the 6th over - 0 runs, 1 hit, 0 errors, 1 left on base; Great Falls 11 - Ogden 4 |
BOTTOM OF THE 6TH |
Ogden Raptors batting - Pitching for Great Falls Voyagers : RHP Dan Lulek
|
Batting: LHB Josh Guess
|
0-0: Ball 1-0: Swinging Strike 1-1: Called Strike 1-2: Ball 2-2: Ball 3-2: Base on Balls
|
Batting: RHB Dave Mora
|
0-0: Called Strike 0-1: Ball 1-1: Swinging Strike 1-2: Fly out, F8 (Flyball, 8RXD, EV 93.8 MPH)
|
Batting: RHB Jose Cuadrado
|
0-0: Grounds into double play, 5-4-3 (Groundball, 5, EV 80.0 MPH)
|
Bottom of the 6th over - 0 runs, 0 hits, 0 errors, 0 left on base; Great Falls 11 - Ogden 4 |
TOP OF THE 7TH |
Great Falls Voyagers batting - Pitching for Ogden Raptors : RHP Chris Joyner
|
Batting: RHB Ben DePue
|
0-0: Called Strike 0-1: DOUBLE (Flyball, 78D, EV 101.9 MPH)
|
Batting: RHB Austin Power
|
0-0: Called Strike 0-1: Foul Ball, location: 2RF 0-2: Ball 1-2: Foul Ball, location: 9LSF 1-2: Fly out, F9 (Flyball, 89S, EV 100.0 MPH)
|
Batting: SHB Francisco Puig
|
0-0: Ground out U3 (Groundball, 3, EV 88.1 MPH) Ben DePue to third
|
Batting: RHB Adam Dixon
|
0-0: Called Strike 0-1: SINGLE (Line Drive, 78S, EV 93.8 MPH) Ben DePue scores
|
Batting: SHB Brian Corey
|
0-0: DOUBLE (Line Drive, 9LD, EV 100.6 MPH) Adam Dixon to third Runner from 3rd tries for Home, SAFE, no throw by RF
|
Batting: RHB Angel Baltazar
|
0-0: Called Strike 0-1: Ball 1-1: Ground out 6-3 (Groundball, 6, EV 108.8 MPH)
|
Top of the 7th over - 2 runs, 3 hits, 0 errors, 1 left on base; Great Falls 13 - Ogden 4 |
BOTTOM OF THE 7TH |
Ogden Raptors batting - Pitching for Great Falls Voyagers : RHP Dan Lulek
|
Pinch Hitting: RHB Grant Snakenberg
|
0-0: Foul Ball, location: 25F 0-1: Ball 1-1: SOLO HOME RUN (Line Drive, 8LXD, EV 110.0 MPH), Distance : 447 ft
|
Batting: RHB Carlos Cortez
|
0-0: Ball 1-0: Foul Ball, location: 9LMF 1-1: Called Strike 1-2: Fly out, F3 (Popup, 3F, EV 76.9 MPH)
|
Pinch Hitting: RHB Scott Boyd
|
0-0: Fly out, F8 (Line Drive, 8LM, EV 108.8 MPH)
|
Batting: RHB Alex Diaz
|
0-0: Ball 1-0: Ball 2-0: Called Strike 2-1: Called Strike 2-2: Ball 3-2: Base on Balls
|
Batting: RHB Eric Weter
|
0-0: Called Strike 0-1: Ball 1-1: Foul Ball, location: 2F 1-2: Foul Ball, location: 9LMF 1-2: Ball 2-2: Ball Alex Diaz steals 2nd base (no throw) 3-2: Foul Ball, location: 7LMF 3-2: Strikes out looking
|
Bottom of the 7th over - 1 run, 1 hit, 0 errors, 1 left on base; Great Falls 13 - Ogden 5 |
TOP OF THE 8TH |
Great Falls Voyagers batting - Pitching for Ogden Raptors : RHP Chris Joyner
|
Now at 3B: Dave Herman
|
|
Now in CF: Dave Mora
|
|
Now in RF: Scott Boyd
|
|
Batting: RHB Nick Selfridge
|
0-0: Called Strike 0-1: Called Strike 0-2: Ball 1-2: Strikes out looking
|
Batting: RHB Eric Nestor
|
0-0: Ball 1-0: Called Strike 1-1: Ball 2-1: Foul Ball, location: 2F 2-2: Strikes out swinging
|
Batting: SHB Willie Esquivel
|
0-0: Called Strike 0-1: Swinging Strike 0-2: Ball 1-2: Foul Ball, location: 7LSF 1-2: Strikes out swinging
|
Top of the 8th over - 0 runs, 0 hits, 0 errors, 0 left on base; Great Falls 13 - Ogden 5 |
BOTTOM OF THE 8TH |
Ogden Raptors batting - Pitching for Great Falls Voyagers : RHP Dan Lulek
|
Batting: RHB Nick Griffin
|
0-0: Ground out 6-3 (Groundball, 6, EV 84.4 MPH)
|
Batting: LHB Josh Guess
|
0-0: Ball 1-0: Fly out, F9 (Flyball, 89D, EV 86.3 MPH)
|
Batting: RHB Dave Mora
|
0-0: Fly out, F9 (Flyball, 9, EV 90.6 MPH)
|
Bottom of the 8th over - 0 runs, 0 hits, 0 errors, 0 left on base; Great Falls 13 - Ogden 5 |
TOP OF THE 9TH |
Great Falls Voyagers batting - Pitching for Ogden Raptors : RHP Chris Joyner
|
Pitching: LHP Santiago Escobar
|
|
Batting: RHB Ben DePue
|
0-0: SINGLE (Line Drive, 9S, EV 95.6 MPH)
|
Pinch Hitting: RHB Manny Casanova
|
0-0: Fly out, F8 (Line Drive, 8RM, EV 90.6 MPH)
|
Pinch Hitting: RHB Craig Lynch
|
0-0: Ball 1-0: Called Strike 1-1: Called Strike 1-2: Ball 2-2: SINGLE (Groundball, 4MD, EV 106.3 MPH) Ben DePue to second
|
Batting: RHB Adam Dixon
|
0-0: Swinging Strike 0-1: Ball 1-1: Swinging Strike 1-2: Foul Ball, location: 2F 1-2: Ball 2-2: Foul Ball, location: 2F 2-2: Foul Ball, location: 3F 2-2: DOUBLE (Line Drive, 89XD, EV 105.0 MPH) Ben DePue scores Craig Lynch to third
|
Batting: SHB Brian Corey
|
0-0: Ball 1-0: Ball 2-0: Swinging Strike 2-1: Ground out 4-3 (Groundball, 4M, EV 88.8 MPH) Craig Lynch scores
|
Batting: RHB Angel Baltazar
|
0-0: Ball 1-0: Ball 2-0: Ball 3-0: Called Strike 3-1: Base on Balls
|
Batting: RHB Nick Selfridge
|
0-0: Ball 1-0: Ball 2-0: Fly out, F4 (Popup, 23, EV 87.5 MPH)
|
Top of the 9th over - 2 runs, 3 hits, 0 errors, 2 left on base; Great Falls 15 - Ogden 5 |
BOTTOM OF THE 9TH |
Ogden Raptors batting - Pitching for Great Falls Voyagers : RHP Dan Lulek
|
Now at C: Manny Casanova
|
|
Now at 1B: Craig Lynch
|
|
Batting: RHB Jose Cuadrado
|
0-0: Ball 1-0: Ball 2-0: Fly out, F9 (Flyball, 9LDF, EV 88.1 MPH)
|
Batting: RHB Dave Herman
|
0-0: Ball 1-0: Foul Ball, location: 2F 1-1: Ball 2-1: Ball 3-1: Called Strike 3-2: Base on Balls
|
Pitching: RHP Ricky Abelaira
|
|
Batting: RHB Carlos Cortez
|
0-0: Ball 1-0: Fly out, F3 (Popup, 23F, EV 78.8 MPH)
|
Pinch Hitting: RHB Mike Hoppe
|
0-0: Foul Ball, location: 3FF 0-1: Swinging Strike 0-2: Strikes out swinging
|
Bottom of the 9th over - 0 runs, 0 hits, 0 errors, 1 left on base; Great Falls 15 - Ogden 5 |
|